 Dungeon Crawl Stone Soup version 0.27-a0-836-gfc908b8576 (webtiles) character file.

Game seed: 5884214993515627817

60 polve the Ruffian (level 3, -2/43 HPs)
             Began as a Draconian Transmuter on Apr 1, 2021.
             Slain by Terence
             ... wielding a +0 flail
              (10 damage)
             ... on level 3 of the Dungeon.
             The game lasted 00:01:29 (2235 turns).

polve the Ruffian (Draconian Transmuter)            Turns: 2235, Time: 00:01:30

Health: -2/43      AC:  5    Str: 12    XL:     3   Next: 82%
Magic:  5/6        EV: 12    Int: 14    God:
Gold:   114        SH:  0    Dex: 11    Spells: 5/6 levels left

rFire    . . .     SeeInvis .     - Unarmed
rCold    . . .     Faith    .   (no shield)
rNeg     . . .     Spirit   .   (armour unavailable)
rPois    .         Reflect  .   (helmet currently unavailable)
rElec    .         Harm     .   (no cloak)
rCorr    .         Rampage  .   (no gloves)
Will     .....                  (boots currently unavailable)
Stlth    ..........             (no amulet)
HPRegen  0.14/turn              (no ring)
MPRegen  0.10/turn              (no ring)

@: berserking, appendages, very slightly contaminated, invisible, very quick
A: horns 2, talons 2, AC +5, unfitting armour, cold-blooded
a: End Transformation


You were on level 3 of the Dungeon.
You had temporarily grown beastly horns and talons.
You visited 1 branch of the dungeon, and saw 3 of its levels.

You collected 114 gold pieces.

Inventory:

Jewellery
 d - a ring of flight
Scrolls
 a - a scroll of torment {unknown}
 e - a scroll of identify {unknown}
Potions
 c - a potion of berserk rage


   Skills:
 * Level 2.3 Fighting
 - Level 1.7 Dodging
 + Level 3.7 Unarmed Combat
 - Level 2.0 Spellcasting
 - Level 3.0 Transmutations


You had 5 spell levels left.
You knew the following spells:

 Your Spells              Type           Power      Damage    Failure   Level
a - Beastly Appendage     Tmut           18%        N/A       7%          1

Your spell library contained the following spells:

 Spells                   Type           Power      Damage    Failure   Level
 Wereblood                Tmut           9%         N/A       11%         2
 Passwall                 Tmut/Erth      4%         N/A       19%         2
 Sandblast                Erth           2%         2d4       24%         1
 Spider Form              Tmut/Pois      2%         N/A       36%         3
 Stone Arrow              Conj/Erth      2%         3d7       56%         3
 Ice Form                 Ice/Tmut       5%         N/A       77%         4
 Petrify                  Tmut/Erth      5%         N/A       77%         4
 Hydra Form               Tmut           4%         N/A       88%         5
 Lee's Rapid Deconstruct  Erth           0%         3d5*      100%        5


Dungeon Overview and Level Annotations

Branches:
Dungeon (3/15)

Altars:

Shops:
D:2 [

Annotations:
D:3 Terence


Innate Abilities, Weirdness & Mutations

You have temporarily grown beastly horns and talons.
Your plain brown scales are hard. (AC +5)
You cannot fit into any form of body armour.
You are cold-blooded and may be slowed by cold attacks.


Message History

A giant cockroach comes into view.
Found a stone staircase leading up.
Your horns disappear.
Your talons disappear.
The orc wizard casts a spell at itself.
The orc wizard flickers and vanishes!
Deactivating autopickup; reactivate with Ctrl-A.
Terence shouts, "Now you die!"
An orc comes into view. It is wielding a +0 club.
There is a stone staircase leading down here.
The orc shouts!
Casting: Beastly Appendage (safe; 7% risk of failure)
Confirm with . or Enter, or press ? or * to list all spells.
You grow a pair of large bovine horns.
Your feet morph into talons.
An orc comes into view. It is wielding a +0 war axe.
The orc hits you with a +0 club.
* * * LOW HITPOINT WARNING * * *
Terence closely misses you.
The orc shouts!
You hit the orc but do no damage. You claw the orc.
You headbutt the orc, but do no damage.
The orc is lightly wounded.
You hear a shout!
The orc barely misses you. Terence misses you.
You barely miss the orc.
You tail-slap the orc, but do no damage.
The orc is lightly wounded.
The orc barely misses you.
It was a potion of invisibility.
You fade into invisibility!
Terence closely misses you.
An orc comes into view. It is wielding a +0 club.
The orc hits you with a +0 club.
* * * LOW HITPOINT WARNING * * *
You are very lightly contaminated with residual magic.
It was a potion of berserk rage.
A red film seems to cover your vision as you go berserk!
You feel yourself moving faster!
You feel mighty!
The orc shouts!
Terence hits you with a +0 flail!
You die...

#.# #.# #.# #.# #.# #.# #.# #
#.##############.###o#
#........>o.B@@oo....#
..####.##.#####..#### #.##.#
#..# #B##.#####..###########
#........o..........<.#
##.####.##.#..##..#########.#
........##.#<.##).# #.#
##................# #.#
####.#.......###.# #.#


You could see Terence, 4 orcs and a giant cockroach.

Vanquished Creatures
  A gnoll (D:1)
  An adder (D:3)
  A worm (D:3)
  A dart slug (D:2)
  3 ball pythons (D:2)
  6 endoplasms
  A giant cockroach (D:2)
  2 goblins
  A hobgoblin (D:2)
  6 jackals
  A kobold (D:2)
  A quokka (D:1)
  3 bats
  3 frilled lizards
  3 rats (D:1)
34 creatures vanquished.

Notes
Turn   | Place    | Note
-------+----------+-------------------------------------------
     0 | D:1      | polve the Draconian Transmuter began the quest for the Orb.
     0 | D:1      | Reached XP level 1. HP: 16/16 MP: 3/3
   436 | D:1      | Reached XP level 2. HP: 22/23 MP: 3/5
  1221 | D:2      | Found a faded altar of an unknown god.
  1228 | D:2      | Reached XP level 3. HP: 25/29 MP: 4/6
  1358 | D:2      | Found Voddedia's Antique Armour Emporium.
  2195 | D:3      | Noticed Terence
  2235 | D:3      | Slain by Terence

Illustrated notes

Levels and vault maps discovered:
D:1:      scummos_arrival_hexagon, layout_loops_ring
D:2:      layout_basic, chequers_ecumenical_altar_island, serial_shops,
          shop_fountains
D:3:      layout_loops_ring, uniq_terence

Skill      XL: |  1  2  3 |
---------------+----------+-----
Fighting       | 2 |  2.3
Transmutations | 3 |  3.0
Dodging        | |  1.7
Unarmed Combat | |  3.7
Spellcasting   | |  2.0

Action                   || total
-------------------------++-------
Melee: Unarmed           ||   112
       Tailslap          ||     6
       Kick              ||     9
       Headbutt          ||     6
 Cast: Beastly Appendage ||    27
  Use: Potion            ||     2
Armor: Skin              ||    31
Dodge: Dodged            ||    88

Table legend: (Time is in decaauts)
 A = Elapsed time spent in this place.
 B = Non-inter-level travel time spent in this place.
 C = Inter-level travel time spent in this place.
 D = Time resting spent in this place.
 E = Time spent auto-exploring this place.
 F = Levels seen in this place.
 G = Mean time per level.
                   A        B        C        D        E       F      G
               +--------+--------+--------+--------+--------+-----+--------+
         Total |   2232 |   2192 |     40 |      0 |   1933 |   3 |  744.0 |
       Dungeon |   2232 |   2192 |     40 |      0 |   1933 |   3 |  744.0 |
               +--------+--------+--------+--------+--------+-----+--------+

Top non-repeatable levels by time:
     D:1: 1123 daAuts
     D:2: 771 daAuts
     D:3: 337 daAuts
